 Dungeon Crawl Stone Soup version 0.30-a0-459-g9104f0fc43 (webtiles) character file.

Game seed: 8326881316293565156

342 Sweetruy1997 the Chopper (level 6, 0/43 (48) HPs)
             Began as a Demonspawn Chaos Knight on Dec 16, 2022.
             Was a Plaything of Xom.
             Slain by an orc priest
             ... wielding a +0 dagger of draining
              (1 damage)
             ... on level 3 of the Dungeon.
             The game lasted 00:09:16 (2177 turns).

Sweetruy1997 the Chopper (Demonspawn Chaos Knight)  Turns: 2177, Time: 00:09:17

HP:   0/43 (48)     AC:  7    Str: 14    XL:     6   Next: 30%
MP:   6/6           EV: 11    Int: 13    God:    Xom [.....*]
Gold: 44            SH:  0    Dex: 15    Spells: 5/5 levels left

rFire   + . .      SeeInvis .    a - +1 hand axe (chaos)
rCold   + . .      Faith    .    (no shield)
rNeg    . . .      Spirit   .    q - +2 leather armour of the Ditch-Digger {Str+2}
rPois   +          Reflect  .    g - +0 helmet
rElec   +          Harm     .    (no cloak)
rCorr   +          Rampage  .    (no gloves)
Will    .....      Clarity  +    (no boots)
Stlth   ++........               (no amulet)
HPRegen 0.27/turn                (no ring)
MPRegen 0.10/turn                (no ring)

@: resistant, hasted, heavily drained, very quick
A: claws 1, powered by death 2, sharp scales 1, clarity, noise suppression
a: Renounce Religion


You were on level 3 of the Dungeon.
You worshipped Xom.
You were Xom's teddy bear.
You visited 1 branch of the dungeon, and saw 3 of its levels.
You also visited: Sewer.

You collected 125 gold pieces.
You spent 81 gold pieces at shops.

Inventory:

Hand Weapons
 a - a +1 hand axe of chaos (weapon)
Armour
 e - a +1 ring mail of fire resistance
 g - a +0 helmet (worn)
 q - the +2 leather armour of the Ditch-Digger (worn) {Str+2}
   (You found it on level 3 of the Dungeon)

   Str:       It affects your strength (+2).
Scrolls
 f - a scroll of blinking
 j - a scroll of fear
Potions
 b - 3 potions of curing
 d - a potion of berserk rage {unknown}
 h - a potion of magic
 i - 3 potions of resistance
 k - a potion of haste
 l - 2 potions of mutation {unknown}
 m - a potion of heal wounds {unknown}
 n - a potion of might {unknown}
 o - a potion of invisibility {unknown}
 p - a potion of lignification {unknown}
Miscellaneous
 c - a piece from Xom's chessboard (6/15) (quivered)


   Skills:
 + Level 4.0 Fighting
 + Level 4.6 Axes
 + Level 2.9 Armour
 - Level 1.0 Dodging
 + Level 2.1 Stealth
 + Level 1.5 Evocations


You had 5 spell levels left.
You didn't know any spells.
Your spell library was empty.

Dungeon Overview and Level Annotations

Branches:
Dungeon (3/15)              Sewer (visited)

Altars:

Shops:
D:2 *   D:3 (


Innate Abilities, Weirdness & Mutations

You have sharp fingernails.
You regenerate health from kills.
You are partially covered in razor-sharp scales. (AC +1, Slay +1)
You possess an exceptional clarity of mind.
You passively dampen the noise of your surroundings.


Message History

You see here a +0 falchion.
You completely miss the orc priest.
The orc priest seems less confused.
Something hits you.
The orc priest hits you with a +0 dagger of draining.
You feel drained.
You hit the orc priest.
You feel better.
The orc priest is lightly wounded.
Something hits you.
The orc priest mumbles some strange prayers to Beogh against you.
Beogh smites you!
* * * LOW HITPOINT WARNING * * *
You hit the orc priest but do no damage.
The orc priest is lightly wounded.
Something hits you.
* * * LOW HITPOINT WARNING * * *
The orc priest hits you with a +0 dagger of draining.
* * * LOW HITPOINT WARNING * * *
You feel drained.
* * * LOW HITPOINT WARNING * * *
You feel better. Something hits you.
* * * LOW HITPOINT WARNING * * *
The orc priest closely misses you.
It was a potion of resistance.
You feel protected. Something hits you but does no damage.
The orc priest invokes the aid of Beogh against you.
Pain shoots through your body!
* * * LOW HITPOINT WARNING * * *
It was a potion of magic.
Magic courses through your body.
Xom thinks this is hilarious!
A magic dart appears from out of thin air!
The magic dart hits you.
* * * LOW HITPOINT WARNING * * *
The orc priest closely misses you.
It was a potion of haste.
You feel yourself speed up. Something hits you but does no damage.
The orc priest hits you with a +0 dagger of draining.
* * * LOW HITPOINT WARNING * * *
You feel drained.
You die...

.# ## ## .# ##. .#
.# ..#.# .# ... #.#
#{# ########.###
###.#####...........
#.o@............##..
#.#)#####.#####.##..
#.#.# #.# #.##..
#.#)# #.# #.##..
#.#.## #.# #.....
#....####.########..
#.<....†.#.....###..
#....####.####.##...
#.#.....#.####.##...


You could see an orc priest.

Vanquished Creatures
  A kobold brigand (Sewer)
  Jessica (D:3)
  5 adders
  2 worms (D:3)
  2 dart slugs
  2 orcs (D:3)
  6 ball pythons
  8 bats
  7 endoplasms
  6 giant cockroaches
  3 goblins
  2 hobgoblins (D:1)
  6 jackals
  3 quokkas
  5 frilled lizards
  12 kobolds
  6 rats
77 creatures vanquished.

Vanquished Creatures (collateral kills)
  A kobold brigand (Sewer)
  An orc priest (D:3)
  4 orcs (D:3)
  2 endoplasms
  A kobold (D:1)
  A frilled lizard (D:1)
10 creatures vanquished.

Vanquished Creatures (others)
  A fungus (Sewer)
  4 plants (Sewer)
5 creatures vanquished.

Grand Total: 92 creatures vanquished

Notes
Turn   | Place    | Note
-------+----------+-------------------------------------------
     0 | D:1      | Sweetruy1997 the Demonspawn Chaos Knight began the quest
                  | for the Orb.
     0 | D:1      | Reached XP level 1. HP: 18/18 MP: 1/1
   139 | D:1      | Found a faded altar of an unknown god.
   212 | D:1      | Gained mutation: You have sharp fingernails. [demonic
                  | ancestry]
   212 | D:1      | Reached XP level 2. HP: 22/24 MP: 2/2
   260 | D:1      | XOM: divination: magic mapping
   281 | D:1      | XOM: silly message
   352 | D:1      | Reached skill level 1 in Dodging
   373 | D:1      | XOM: cast spell 'Leda's Liquefaction'
   716 | D:1      | Gained mutation: You are partially covered in razor-sharp
                  | scales. (AC +1, Slay +1) [demonic ancestry]
   716 | D:1      | Reached XP level 3. HP: 29/29 MP: 3/3
  1152 | D:2      | XOM: noise
  1191 | D:2      | Gained mutation: You regenerate a little health from kills.
                  | [demonic ancestry]
  1191 | D:2      | Reached XP level 4. HP: 29/35 MP: 4/4
  1299 | D:2      | XOM: silly message
  1306 | D:2      | Reached skill level 1 in Evocations
  1498 | D:2      | Found Beesared's General Store.
  1506 | D:2      | Bought a potion of curing for 42 gold pieces
  1587 | D:3      | Found Qustor's Weapon Boutique.
  1616 | D:3      | XOM: summons 2 friendly demons
  1630 | D:3      | Reached skill level 1 in Stealth
  1694 | D:3      | Found a glowing drain.
  1694 | D:3      | XOM: 5-stop teleportation journey
  1700 | Sewer    | Entered a sewer
  1730 | Sewer    | Gained mutation: You regenerate health from kills. [demonic
                  | ancestry]
  1730 | Sewer    | Reached XP level 5. HP: 40/41 MP: 5/5
  1854 | Sewer    | XOM: cleaving
  1865 | Sewer    | Reached XP level 6. HP: 27/48 MP: 6/6
  1882 | Sewer    | XOM: give mutations
  1882 | Sewer    | Gained mutation: You possess an exceptional clarity of
                  | mind. [Xom's grace]
  1882 | Sewer    | Gained mutation: You passively dampen the noise of your
                  | surroundings. [Xom's grace]
  2047 | D:3      | Identified the +2 leather armour of the Ditch-Digger
                  | {Str+2}
  2072 | D:3      | Bought a throwing net for 39 gold pieces
  2153 | D:3      | Noticed Jessica
  2165 | D:3      | Killed Jessica
  2173 | D:3      | HP: 2/46 [orc priest/+0 dagger of draining (2)]
  2177 | D:3      | Slain by an orc priest

Illustrated notes

Levels and vault maps discovered:
D:1:      mainiacjoe_arrival_reflecting_pool, layout_loops_ring,
          chequers_ecumenical_altar_simple, serial_bayou_ford_a,
          minmay_misc_feat_more_columns
D:2:      layout_basic, serial_shops, shop_statue,
          hangedman_decor_diamond_cutter
D:3:      layout_loops_ring, cheibrodos_sewer_entry_drain, serial_shops, shop,
          uniq_jessica

Skill      XL: |  1  2  3  4  5  6 |
---------------+-------------------+-----
Armour         | 2 |  2.9
Axes           | 3 4 |  4.6
Dodging        | 1 |  1.0
Evocations     | 1 |  1.5
Stealth        | 1 2 |  2.1
Fighting       | 4 |  4.0

Action                   |  1- 3 |  4- 6 || total
-------------------------+-------+-------++-------
Melee: Hand axe          |   103 |   117 ||   220
       Punch             |     1 |     1 ||     2
Throw: Throwing net      |       |     1 ||     1
Evoke: Piece from Xom's  |    15 |     6 ||    21
  Use: Scroll            |       |     6 ||     6
       Potion            |       |     4 ||     4
 Stab: Paralysed         |     5 |     1 ||     6
       Petrified         |       |     4 ||     4
Armor: Ring mail         |    56 |    42 ||    98
       Leather armour    |     1 |     8 ||     9
Dodge: Dodged            |    52 |    72 ||   124

Table legend: (Time is in decaauts)
 A = Elapsed time spent in this place.
 B = Non-inter-level travel time spent in this place.
 C = Inter-level travel time spent in this place.
 D = Time resting spent in this place.
 E = Time spent auto-exploring this place.
 F = Levels seen in this place.
 G = Mean time per level.
                   A        B        C        D        E       F      G
               +--------+--------+--------+--------+--------+-----+--------+
         Total |   2238 |   2192 |     46 |      0 |   1561 |   4 |  559.5 |
       Dungeon |   1873 |   1827 |     46 |      0 |   1334 |   3 |  624.3 |
         Sewer |    365 |    365 |      0 |      0 |    227 |   1 |  365.0 |
               +--------+--------+--------+--------+--------+-----+--------+

Top non-repeatable levels by time:
     D:1: 882 daAuts
     D:2: 734 daAuts
   Sewer: 365 daAuts
     D:3: 256 daAuts
